 Dungeon Crawl Stone Soup version 0.26-a0-639-g72c4674329 (webtiles) character file.

Game seed: 14220075861299464459

47728 PentaManta the Cleaver (level 14, -1/166 HPs)
             Began as a Formicid Abyssal Knight on Sept 19, 2020.
             Was an Elder of Lugonu.
             Slain by a redback (19 damage)
             ... in a Gauntlet.
             The game lasted 01:50:15 (30084 turns).

PentaManta the Cleaver (Formicid Abyssal Knight)   Turns: 30084, Time: 01:50:16

Health: -1/166     AC: 31    Str: 20    XL:     14   Next: 83%
Magic:  22/22      EV:  2    Int: 14    God:    Lugonu [****..]
Gold:   1456       SH:  0    Dex: 10    Spells: 10/13 levels left

rFire    . . .     SeeInvis .   J - +5 war axe
rCold    . . .     Faith    .   S - +0 tower shield
rNeg     + + +     Spirit   .   (armour currently unavailable)
rPois    +         Reflect  +   (helmet unavailable)
rElec    .         Harm     .   (cloak currently unavailable)
rCorr    .         Rampage  .   (gloves currently unavailable)
MR       +....                  (boots currently unavailable)
Stlth    +.........             y - amulet of reflection
HPRegen  0.37/turn              t - +4 ring of protection
MPRegen  0.18/turn              x - ring of poison resistance

@: confused, lethally poisoned (-1 -> -4), tree-form
A: permanent stasis, dig shafts and tunnels, four strong arms
a: Depart the Abyss, Bend Space, Banish, Corrupt, Renounce Religion


You were in a Gauntlet.
You worshipped Lugonu.
Lugonu was greatly pleased with you.
You were a tree.
You visited 4 branches of the dungeon, and saw 19 of its levels.
You visited the Abyss 1 time.
You also visited: Sewer and Gauntlet.

You collected 1456 gold pieces.

Inventory:

Hand Weapons
 i - a +0 hunting sling
 k - a +0 eveningstar
 G - a +2 trident of venom
 J - a +5 war axe (weapon)
 K - a +1 vampiric hand axe
 L - a +1 hand axe of electrocution
 N - a +2 battleaxe
 V - a +2 flail of freezing
Missiles
 a - 13 boomerangs
 d - 2 silver boomerangs
 e - 7 curare-tipped darts
 j - 143 sling bullets
 u - 52 poisoned darts (quivered)
 Q - 2 throwing nets
Armour
 m - a +1 pair of boots (melded)
 o - a +0 kite shield
 r - a scarf of shadows
 C - a +2 cloak (melded)
 F - a +0 pair of gloves (melded)
 O - a +2 scale mail of cold resistance
 S - a +0 tower shield (worn)
 W - a +0 plate armour (melded)
 Y - the +0 buckler of the Wasteland {rPois Int+2 Slay+2}
   (You found it on level 9 of the Dungeon)

   It affects your intelligence (+2).
   It affects your accuracy and damage with ranged weapons and melee attacks
   (+2).
   It protects you from poison.
Jewellery
 c - an uncursed ring of positive energy
 n - an uncursed amulet of guardian spirit
 q - an uncursed ring of protection from fire
 t - a +4 ring of protection (left branch)
 x - a ring of poison resistance (right branch)
 y - an amulet of reflection (around neck)
 T - the ring of Grontol {rCorr Int+4}
   (You found it in a Gauntlet)

   [ring of resist corrosion]

   It affects your intelligence (+4).
   It provides partial protection from all sources of acid and corrosion.
Wands
 l - a wand of disintegration (25)
 p - a wand of digging (1)
 w - a wand of enslavement (13)
 I - a wand of iceblast (6)
 M - a wand of random effects (13)
 U - a wand of polymorph (11)
 X - a wand of paralysis (15)
Scrolls
 f - 10 scrolls of remove curse
 h - 4 scrolls of enchant armour
 s - 2 scrolls of fog
 A - 2 scrolls of enchant weapon
 P - a scroll of magic mapping
 R - 9 scrolls of identify
Potions
 b - 2 potions of invisibility
 g - 4 potions of brilliance
 v - 2 potions of cancellation
 z - a potion of might
 B - a potion of ambrosia
 D - 2 potions of flight
 E - a potion of lignification
 H - a potion of mutation
 Z - 2 potions of resistance


   Skills:
 + Level 10.5 Fighting
 + Level 12.2 Axes
 + Level 11.6 Armour
 + Level 9.6 Dodging
 + Level 10.8 Shields
 + Level 11.7 Invocations


You had 10 spell levels left.
You knew the following spells:

 Your Spells              Type           Power        Failure   Level
a - Confusing Touch       Hex            #.......     91%         3

Your spell library contained the following spells:

 Spells                   Type           Power        Failure   Level
 Foxfire                  Conj/Fire      #...         56%         1
 Sandblast                Erth           #.....       56%         1
 Sting                    Tmut/Pois      #...         56%         1
 Passwall                 Tmut/Erth      #.......     71%         2
 Poisonous Vapours        Pois/Air       #.....       71%         2
 Conjure Flame            Conj/Fire      #.......     91%         3
 Gell's Gravitas          Tloc           #.........   91%         3
 Ignite Poison            Fire/Tmut/Pois #.......     91%         3
 Inner Flame              Hex/Fire       #.......     91%         3
 Mephitic Cloud           Conj/Pois/Air  #.......     91%         3
 Stone Arrow              Conj/Erth      #.....       91%         3
 Olgreb's Toxic Radiance  Pois           #.......     100%        4
 Petrify                  Tmut/Erth      #.......     100%        4
 Sticky Flame             Conj/Fire      #.......     100%        4
 Fireball                 Conj/Fire      #.........   100%        5
 Lee's Rapid Deconstruct  Erth           #.........   100%        5
 Metabolic Englaciation   Hex/Ice        #.........   100%        5
 Yara's Violent Unravell  Hex/Tmut       #.........   100%        5
 Chain Lightning          Conj/Air       #.........   100%        8
 Lehudib's Crystal Spear  Conj/Erth      #.........   100%        8
 Absolute Zero            Ice            #.........   100%        9
 Fire Storm               Conj/Fire      #.........   100%        9


Dungeon Overview and Level Annotations

Branches:
Dungeon (14/15)            Temple (1/1) D:5            Lair (3/6) D:9
 Spider (0/4) Lair:3          Orc (1/2) D:12          Sewer (visited)
Gauntlet (1/1)
  Swamp: Lair:2-4    Shoals: Lair:2-4    Vaults: D:13-14

Altars:
Ashenzari
Cheibriados
Dithmenos
Elyvilon
Fedhas
Gozag
Hepliaklqana
Kikubaaqudgha
Makhleb
Nemelex Xobeh
Okawaru
Qazlal
Ru
Sif Muna
Trog
Uskayaw
Vehumet
Wu Jian
Xom
Yredelemnul
Zin
The Shining One

Shops:
D:5 :   D:6 (

Portals:
Trove: D:13 (lose all piety)

Annotations:
D:12 corrupted
D:14 Azrael
Lair:2 exclusion: 2 oklob plants
Abyss:1 Sonja Gauntlet 9 transporters, 2 runed translucent doors, exclusion: obsidian statue


Innate Abilities, Weirdness & Mutations

You cannot be hasted, slowed, berserked, paralysed or teleported.
You can dig through walls and to a lower floor.
Your four strong arms can wield two-handed weapons with a shield.
((You have a pair of large antennae on your head. (SInv)))


Message History

The moth of wrath is devoured by a tear in reality.
Lugonu claims a new guest.
You can now gate yourself to the Abyss.
You can no longer gate yourself to the Abyss.
* * * LOW HITPOINT WARNING * * *
You feel sick. You block the redback's attack.
Really quaff the potion of lignification?
Okay, then.
* * * LOW HITPOINT WARNING * * *
You feel sick.
The redback bites you but does no damage.
You are confused.
You feel invigorated.
You feel sick. The redback completely misses you.
The redback bites you but does no damage.
Really quaff the potion of lignification?
You turn into a tree.
Your +2 cloak melds into your body.
Your +0 pair of gloves melds into your body.
Your +1 pair of boots melds into your body.
Your +0 plate armour melds into your body.
Your roots penetrate the ground.
You feel sick. The redback bites you!!
You die...

#≈...#..######[#...#JJJ##..#..
##...#......zzz#...#########..
#§...###########..............
##...............8.....8.....8
.# ##.8.....8...................
..##≈...............###########.
...##...#########...#.........#.
....#...##..##s##...#.........#.
.©8.#...#?##§§#♣#####..#...#..#.
....#...#=#.#.#.#...#.........#.
.©8.#.8.#©#†©#.##©.©#©...©....#©
....#...#..#.##.#...#.........#.
.©8.#...#[.##..######..#...#..#.
....#...###..##.#...#††.......#.
...##...#########...#.†.......#.
..##§...............###########.
.# ##.8.....8...................


You could see a redback (berserk) and 3 flying skulls.

Vanquished Creatures
  Kirke (D:12)
  A great orb of eyes (D:13)
  Harold (D:7)
  3 centaur warriors
  2 hydras
  A tengu warrior (D:13)
  4 two-headed ogres
  A hell hog (Gauntlet)
  A shadow wraith (D:13)
  An unseen horror (D:10)
  2 orc knights (D:12)
  A wolf spider (shapeshifter) (D:13)
  6 ugly things
  2 manticores
  3 cyclopes
  3 centaur zombies
  A black mamba (shapeshifter) (D:13)
  3 elephants (Lair:3)
  A gargoyle (D:13)
  A kobold demonologist (D:13)
  A cane toad (Lair:1)
  3 komodo dragons (Lair:2)
  A troll (shapeshifter) (D:13)
  5 jumping spiders (Lair:3)
  4 trolls
  A wind drake (shapeshifter) (D:13)
  A polar bear (Lair:3)
  3 slime creatures (D:11)
  8 hippogriffs
  A redback (Gauntlet)
  A centaur simulacrum (D:13)
  3 wyverns
  Eustachio (D:8)
  16 yaks
  4 fire bats (Gauntlet)
  A wraith (D:12)
  A fire elemental (D:13)
  A basilisk (Lair:1)
  Menkaure (D:7)
  3 wargs
  4 hell hounds
  5 water moccasins
  17 orc warriors
  5 porcupines
  A black bear (D:13)
  2 sky beasts
  3 ice beasts
  An eye of draining (D:14)
  13 ogres
  3 phantoms
  A necrophage (D:11)
  7 centaurs
  6 crocodiles
  3 big kobolds
  3 gnoll sergeants (D:8)
  A wyvern zombie (D:11)
  12 bullfrogs
  4 scorpions
  6 killer bees
  13 wights
  2 electric eels (Lair:1)
  A howler monkey (D:9)
  2 quasits
  2 bullfrog zombies
  7 hounds
  5 jellies
  A centaur skeleton (D:9)
  10 orc priests
  A bullfrog skeleton (D:12)
  A gnoll shaman (D:10)
  An iguana (D:9)
  Natasha (thrice) (D:2)
  15 orc wizards
  14 worker ants
  3 worker ant zombies
  11 gnolls
  A howler monkey skeleton (D:5)
  14 adders
  4 river rats
  2 shadow imps
  An ufetubus (D:9)
  An ooze (D:4)
  3 adder skeletons
  6 worms
  3 dart slugs
  9 leopard geckos
  50 orcs
  6 bats
  7 giant cockroaches
  12 goblins
  4 hobgoblins
  4 jackals
  8 quokkas
  2 ball pythons
  6 frilled lizards
  20 kobolds
  A quokka skeleton (D:6)
  8 rats
460 creatures vanquished.

Vanquished Creatures (collateral kills)
  An orc warrior (D:5)
1 creature vanquished.

Vanquished Creatures (others)
  A two-headed ogre (D:12)
  A centaur skeleton (D:12)
  A slime creature (D:12)
  A centaur simulacrum (D:12)
  2 humans (D:12)
  A scorpion (D:12)
  2 killer bees (D:12)
  A bullfrog zombie (D:12)
  A quasit (D:12)
  An orc wizard (D:7)
  2 orcs
  23 demonic plants (Gauntlet)
  3 fungi
  2 plants
  2 starspawn tentacles (D:12)
44 creatures vanquished.

Grand Total: 505 creatures vanquished

Notes
Turn   | Place    | Note
-------+----------+-------------------------------------------
     0 | Abyss:1  | PentaManta the Formicid Abyssal Knight began the quest for
                  | the Orb.
     0 | Abyss:1  | Reached XP level 1. HP: 18/18 MP: 2/2
    68 | Abyss:1  | Found a corrupted altar of Lugonu.
   110 | Abyss:1  | Noticed a small abomination
   150 | Abyss:1  | Noticed an ancient zyme
   157 | D:1      | Escaped the Abyss
   273 | D:1      | Reached skill level 1 in Dodging
   428 | D:1      | Reached XP level 2. HP: 10/24 MP: 3/3
   604 | D:1      | Reached * piety under Lugonu
   956 | D:1      | Reached skill level 3 in Axes
  1128 | D:1      | Reached XP level 3. HP: 26/29 MP: 4/4
  1758 | D:2      | Reached XP level 4. HP: 13/35 MP: 5/5
  2005 | D:2      | Reached skill level 4 in Axes
  2673 | D:2      | Noticed Natasha
  2681 | D:2      | Killed Natasha
  2681 | D:2      | Reached XP level 5. HP: 31/41 MP: 6/6
  2871 | D:2      | HP: 2/41 [poisoned by an adder]
  2876 | D:2      | Reached skill level 5 in Axes
  3641 | D:2      | Noticed Natasha
  3650 | D:2      | Killed Natasha
  3967 | D:2      | Found an ancient bone altar of Kikubaaqudgha.
  4061 | D:2      | Noticed Natasha
  4070 | D:2      | Killed Natasha
  4070 | D:2      | Reached XP level 6. HP: 38/47 MP: 7/7
  4239 | D:3      | Reached ** piety under Lugonu
  4504 | D:3      | Noticed a hippogriff
  4516 | D:3      | Killed a hippogriff
  4516 | D:3      | Reached skill level 7 in Axes
  4516 | D:3      | Reached XP level 7. HP: 28/52 MP: 8/8
  5809 | D:4      | Reached *** piety under Lugonu
  6933 | D:4      | Reached XP level 8. HP: 55/58 MP: 9/9
  7271 | D:5      | Entered Level 5 of the Dungeon
  7271 | D:5      | Found a glowing golden altar of the Shining One.
  7271 | D:5      | Found a shattered altar of Ashenzari.
  7337 | D:5      | Found an ornate altar of the Wu Jian Council.
  7345 | D:5      | Learned a level 3 spell: Confusing Touch
  7363 | D:5      | Found a shadowy altar of Dithmenos.
  8192 | D:5      | Reached skill level 5 in Armour
  8547 | D:5      | Found a staircase to the Ecumenical Temple.
  8679 | Temple   | Entered the Ecumenical Temple
  9107 | D:5      | Found Xiufuw's Book Shoppe.
  9365 | D:6      | Found a glowing drain.
  9369 | Sewer    | Entered a sewer
  9475 | Sewer    | Reached skill level 8 in Axes
  9475 | Sewer    | Reached XP level 9. HP: 59/64 MP: 10/12
  9506 | Sewer    | Found a white marble altar of Elyvilon.
 10001 | D:6      | Found a sparkling altar of Nemelex Xobeh.
 10013 | D:6      | Found Vaegrom's Weapon Boutique.
 10052 | D:6      | Found a radiant altar of Vehumet.
 10300 | D:6      | Found an iron altar of Okawaru.
 10388 | D:7      | Noticed Eustachio
 10418 | D:8      | Reached skill level 5 in Invocations
 10707 | D:8      | Killed Eustachio
 10707 | D:8      | Reached skill level 1 in Shields
 10940 | D:8      | Reached skill level 5 in Dodging
 11231 | D:7      | Noticed Harold
 11905 | D:7      | Noticed Menkaure
 11917 | D:7      | Killed Menkaure
 11917 | D:7      | Reached XP level 10. HP: 68/71 MP: 14/14
 12068 | D:7      | Reached **** piety under Lugonu
 12639 | D:7      | Reached skill level 9 in Axes
 12777 | D:7      | Found a shimmering altar of Xom.
 12778 | D:7      | Found a hazy altar of Hepliaklqana.
 12779 | D:7      | Noticed a spectral ugly thing
 12876 | D:7      | Killed Harold
 13914 | D:8      | Reached skill level 5 in Fighting
 15630 | D:9      | Got a dazzling buckler
 15651 | D:9      | Identified the cursed +0 buckler of the Wasteland {rPois
                  | Int+2 Slay+2} (You found it on level 9 of the Dungeon)
 15773 | D:9      | Found a blossoming altar of Fedhas.
 16077 | D:9      | Found a staircase to the Lair.
 16080 | D:9      | Reached XP level 11. HP: 80/80 MP: 16/16
 16094 | D:9      | Reached skill level 5 in Shields
 16327 | D:10     | Entered Level 10 of the Dungeon
 16358 | D:10     | Noticed a centaur warrior
 16369 | D:10     | Killed a centaur warrior
 16529 | D:10     | Noticed a two-headed ogre
 16559 | D:10     | Killed a two-headed ogre
 16559 | D:10     | Reached skill level 10 in Axes
 16781 | D:10     | Reached ***** piety under Lugonu
 16834 | D:10     | Noticed an unseen horror
 16847 | D:10     | Killed an unseen horror
 17064 | D:10     | Found an iron altar of Okawaru.
 18378 | D:11     | Noticed a manticore
 18389 | D:11     | Killed a manticore
 18559 | D:11     | Reached XP level 12. HP: 69/91 MP: 18/18
 18982 | D:11     | Found a glowing golden altar of the Shining One.
 19525 | D:12     | Found a staircase to the Orcish Mines.
 19705 | D:12     | Noticed Kirke
 19721 | D:12     | Killed Kirke
 19873 | Orc:1    | Entered Level 1 of the Orcish Mines
 19873 | Orc:1    | Noticed an ettin
 19880 | D:12     | Corrupted D:12
 19880 | D:12     | Noticed a blizzard demon
 19880 | D:12     | Noticed a large abomination
 19880 | D:12     | Noticed a white very ugly thing
 19881 | D:12     | Noticed a cyan very ugly thing
 19881 | D:12     | Noticed a tentacled starspawn
 19881 | D:12     | Noticed a spatial maelstrom
 19883 | D:12     | Noticed a bone dragon
 19883 | D:12     | Noticed a starcursed mass
 19976 | D:12     | Killed a two-headed ogre
 20031 | D:12     | Noticed a tentacled starspawn
 20283 | D:12     | Banished an ettin
 20829 | Orc:1    | Noticed a sun demon
 20831 | Orc:1    | HP: 4/92 [orc knight/cursed -3 bardiche (7)]
 21244 | Orc:1    | Found a radiant altar of Vehumet.
 21252 | Orc:1    | Noticed a two-headed ogre
 21265 | Orc:1    | Killed a two-headed ogre
 21265 | Orc:1    | Reached skill level 11 in Axes
 21265 | Orc:1    | Reached XP level 13. HP: 60/99 MP: 20/20
 21317 | Orc:1    | Reached skill level 10 in Armour
 21921 | D:12     | Reached skill level 10 in Invocations
 21930 | D:12     | Noticed Sonja
 21941 | D:12     | Banished Sonja
 23112 | D:13     | Noticed a six-headed hydra
 23113 | D:13     | Noticed a catoblepas
 23128 | D:13     | Killed a six-headed hydra
 23145 | D:13     | Banished a catoblepas
 23549 | D:13     | Noticed a centaur warrior
 23561 | D:13     | Killed a centaur warrior
 23746 | D:13     | Noticed a five-headed hydra
 23796 | D:13     | Banished a six-headed hydra
 23980 | D:13     | Noticed a centaur warrior
 24013 | D:13     | Killed a centaur warrior
 24124 | D:13     | Noticed a great orb of eyes
 24137 | D:13     | Killed a great orb of eyes
 24247 | D:13     | Noticed a sphinx
 24247 | D:13     | Noticed an ettin
 24248 | D:13     | Banished an ettin
 24249 | D:13     | Banished a sphinx
 24249 | D:13     | Reached XP level 14. HP: 108/108 MP: 17/22
 24426 | D:13     | Reached skill level 10 in Shields
 24762 | D:13     | Found a portal to a secret trove of treasure.
 25475 | D:13     | Found a shadowy altar of Dithmenos.
 25580 | D:14     | Noticed Azrael
 26344 | D:13     | Reached skill level 10 in Fighting
 26780 | Lair:1   | Entered Level 1 of the Lair of Beasts
 27252 | Lair:1   | Reached skill level 12 in Axes
 29111 | Lair:3   | Found a hole to the Spider Nest.
 29388 | Lair:3   | Found a gate leading to a gauntlet.
 29396 | Gauntlet | Entered a Gauntlet
 29396 | Gauntlet | Found a transporter.
 29409 | Gauntlet | Found a transporter.
 29410 | Gauntlet | Found a runed translucent door.
 29720 | Gauntlet | Found a runed translucent door.
 29726 | Gauntlet | Found a transporter.
 29730 | Gauntlet | Found a transporter.
 29742 | Gauntlet | Found a transporter.
 29760 | Gauntlet | Found a transporter.
 29776 | Gauntlet | Found a transporter.
 29790 | Gauntlet | Found a transporter.
 29794 | Gauntlet | Found a transporter.
 29803 | Gauntlet | Found a transporter.
 29830 | Gauntlet | Found a transporter.
 29830 | Gauntlet | Found a transporter.
 30054 | Gauntlet | Got a transparent glass ring
 30058 | Gauntlet | Identified the ring of Grontol {rCorr Int+4} (You found it
                  | in a Gauntlet)
 30084 | Gauntlet | Slain by a redback

Illustrated notes

Levels and vault maps discovered:
D:1:      heliophobic_arrival_glass_houses, layout_basic, minmay_box_of_dots
D:2:      minmay_alternating_diamond, layout_basic, overflow_temple_1_default,
          uniq_natasha
D:3:      layout_basic, minmay_ruptured
D:4:      layout_rooms, serial_co_window_serial, co_window_paths_a,
          co_window_paths_b, co_window_paths_a, co_window_paths_b,
          co_window_of_opportunity_a, co_window_broadway_b,
          co_window_unsneaky_path_e, co_window_broadway_b, co_window_cross_3,
          co_window_of_opportunity_c, co_window_paths_c, dk_noncrumbling_3
D:5:      minmay_evil_eye, layout_basic, nicolae_overflow_hidden_temple,
          grunt_temple_overflow_open, minmay_temple_entry_poolview,
          serial_shops, shop, minmay_misc_feat_pillars, dk_vineyard_1,
          nicolae_dithmenos_shadow_blocks
D:6:      layout_rooms, kennysheep_little_box, kennysheep_mini,
          lemuel_doored_altar, gup_sewer_entry_bowl, serial_shops, shop
D:7:      layout_loops_corners, regret_index_temple_of_mockery, sword_in_stone,
          uniq_menkaure, uniq_harold
D:8:      layout_loops_cross
D:9:      layout_basic, erik_lair_orcish_takeover, fedhas_altar_3
D:10:     layout_loops_ring, basic_altar, grunt_ministairs_2
D:11:     layout_long_grid, nicolae_tso_swordbearing_angel
D:12:     layout_loops_ring, orc_0_dummy, kennysheep_donut, uniq_kirke,
          uniq_sonja
D:13:     minmay_two_paths, layout_rooms, nicolae_trove_entry_diagonal,
          basic_altar
D:14:     layout_rooms, david_vaults_4, lemuel_statue_altar,
          nicolae_antique_artefacts, uniq_azrael
Temple:   oiseaux_autumnal_temple
Lair:1:   layout_gridlike
Lair:2:   minmay_lair_oklob_tunnel, layout_regular_city, st_stairs_4
Lair:3:   layout_layer_cave, nicolae_spider_entry_tight_spaces,
          gauntlet_entry_generic, minmay_lair_oklob_chamber
Orc:1:    layout_caves, enter_bailey_2, basic_altar
Gauntlet: minmay_gauntlet_mixed_oops_all_seconds
          [minmay_gauntlet_arena_77_squiggly, gammafunk_gauntlet_arena_hedges,
          minmay_gauntlet_arena_77_cramped, gammafunk_gauntlet_arena_spirals,
          minmay_gauntlet_arena_77_mess, gammafunk_gauntlet_arena_teeth,
          gauntlet_exit_hidden_loot]

Skill      XL: |  1  2  3  4  5  6  7  8  9 10 11 12 13 14 |
---------------+-------------------------------------------+-----
Dodging        | 1 2 3 5 6 7 8 9 |  9.6
Axes           | 3 4 5 7 8 9 10 11 12 | 12.2
Armour         | 3 5 6 7 8 9 10 11 | 11.6
Invocations    | 4 5 7 8 9 10 11 | 11.7
Shields        | 2 4 6 8 9 10 | 10.8
Fighting       | 5 7 8 9 10 | 10.5

Action                   |  1- 3 |  4- 6 |  7- 9 | 10-12 | 13-15 || total
-------------------------+-------+-------+-------+-------+-------++-------
Melee: Hand axe          |    97 |   134 |   222 |   558 |   294 ||  1305
       Short sword       |       |    12 |   299 |    58 |       ||   369
       War axe           |       |       |       |   205 |   447 ||   652
       Trident           |       |       |       |    52 |    27 ||    79
       Flail             |       |       |       |       |    10 ||    10
       Eveningstar       |       |       |       |       |     9 ||     9
Throw: Stone             |     6 |       |     6 |     2 |       ||    14
       Boomerang         |       |       |       |     8 |       ||     8
       Dart              |       |       |       |     6 |     3 ||     9
Invok: Depart the Abyss  |     1 |       |       |       |       ||     1
       Bend Space        |       |       |     5 |    10 |     6 ||    21
       Banish            |       |       |     1 |     5 |    10 ||    16
       Corrupt           |       |       |       |     1 |       ||     1
Evoke: Wand              |       |       |     1 |       |       ||     1
  Use: Scroll            |     1 |     4 |     9 |    14 |     6 ||    34
       Potion            |       |     5 |     8 |     3 |     5 ||    21
 Stab: Distracted        |       |     1 |       |       |       ||     1
       Petrified         |       |       |       |       |     6 ||     6
Armor: Leather armour    |    42 |    37 |       |       |       ||    79
       Chain mail        |       |    21 |   302 |    81 |       ||   404
       Scale mail        |       |       |       |   147 |       ||   147
       Plate armour      |       |       |       |    41 |   361 ||   402
       Troll leather arm |       |       |       |     1 |       ||     1
Dodge: Dodged            |    76 |    92 |   196 |   256 |   152 ||   772
Block: Other             |       |       |    53 |       |       ||    53
       Reflection        |       |       |     2 |    19 |     9 ||    30
       Kite shield       |       |       |   114 |   378 |       ||   492
       Buckler           |       |       |       |   106 |       ||   106
       Tower shield      |       |       |       |   148 |   829 ||   977

Table legend: (Time is in decaauts)
 A = Elapsed time spent in this place.
 B = Non-inter-level travel time spent in this place.
 C = Inter-level travel time spent in this place.
 D = Time resting spent in this place.
 E = Time spent auto-exploring this place.
 F = Levels seen in this place.
 G = Mean time per level.
                   A        B        C        D        E       F      G
               +--------+--------+--------+--------+--------+-----+--------+
         Total |  30062 |  28252 |   1810 |   7698 |  13161 |  22 | 1366.5 |
       Dungeon |  25525 |  23817 |   1708 |   6929 |  11032 |  14 | 1823.2 |
        Temple |    236 |    206 |     30 |      0 |    204 |   1 |  236.0 |
          Lair |   2600 |   2529 |     71 |    281 |   1541 |   3 |  866.7 |
  Orcish Mines |    626 |    626 |      0 |    182 |    188 |   1 |  626.0 |
         Abyss |    157 |    157 |      0 |      3 |      0 |   1 |  157.0 |
         Sewer |    232 |    232 |      0 |      0 |     81 |   1 |  232.0 |
      Gauntlet |    683 |    683 |      0 |    303 |    114 |   1 |  683.0 |
               +--------+--------+--------+--------+--------+-----+--------+

Top non-repeatable levels by time:
    D:13: 3492 daAuts
    D:12: 2961 daAuts
     D:2: 2805 daAuts
     D:8: 2559 daAuts
     D:7: 2014 daAuts
     D:5: 1922 daAuts
     D:4: 1899 daAuts
    D:10: 1659 daAuts
    D:11: 1492 daAuts
     D:1: 1391 daAuts
  Lair:1: 1338 daAuts
     D:3: 1322 daAuts
     D:9: 1051 daAuts
  Lair:2: 872 daAuts
     D:6: 822 daAuts
